 Dungeon Crawl Stone Soup version 0.31-a0-965-g8a8ce12e04 (webtiles) character file.

Game seed: 12533763901356081533

427 Shayle the Ducker (level 6, -11/38 HPs)
             Began as a Tengu Hexslinger on Oct 26, 2023.
             Was a Follower of Uskayaw.
             Killed by an exploding bullfrog (32 damage)
             ... ignited by their inner flame
             ... on level 6 of the Dungeon.
             The game lasted 00:14:53 (3915 turns).

Shayle the Ducker (Tengu Hexslinger)                Turns: 3915, Time: 00:14:54

Health: -11/38     AC: 10    Str:  6 (8)  XL:     6   Next: 97%
Magic:  10/10      EV: 16    Int: 11 (14) God:    Uskayaw [*.....]
Gold:   8          SH:  0    Dex: 17 (18) Spells: 8/10 levels left

rFire   . . .        a - +1 sling
rCold   . . .        (no shield)
rNeg    . . .        i - +1 ring mail
rPois   .            (helmet restricted)
rElec   .            (no cloak)
rCorr   .            (no gloves)
SInv    .            (boots unavailable)
Will    .....        (no amulet)
Stlth   ++           k - +4 ring of protection
HPRegen 0.26/turn    v - +5 ring of evasion
MPRegen 0.12/turn

%: acrobat
@: mesmerised
A: beak, talons 3, acrobatic
a: Renounce Religion, Stomp


You were on level 6 of the Dungeon.
You worshipped Uskayaw.
Uskayaw was noncommittal.
You visited 1 branch of the dungeon, and saw 6 of its levels.

You collected 178 gold pieces.
You spent 170 gold pieces at shops.

Inventory:

Hand Weapons
 a - a +1 sling (weapon)
Armour
 c - a +0 robe
 d - a +0 kite shield
 i - a +1 ring mail (worn)
 t - a scarf of resistance
Jewellery
 k - a +4 ring of protection (left hand)
 r - a ring of poison resistance
 s - a ring of resist corrosion
 v - a +5 ring of evasion (right hand)
Wands
 o - a wand of polymorph (6)
Scrolls
 e - 3 scrolls of enchant armour
 f - 2 scrolls of amnesia
 g - 2 scrolls of fog
 j - a scroll of revelation
Potions
 n - 2 potions of invisibility
 u - 2 potions of brilliance
 x - a potion of enlightenment {unknown}
 z - a potion of mutation {unknown}


   Skills:
 + Level 3.7 Fighting
 - Level 2.1 Ranged Weapons
 + Level 4.5 Dodging
 + Level 3.7 Stealth
 + Level 2.5 Spellcasting
 - Level 2.1 Hexes
 - Level 1.1 Fire Magic


You had 8 spell levels left.
You knew the following spells:

 Your Spells              Type           Power      Damage    Failure   Level
a - Jinxbite              Hex            12%        N/A       56%         2

Your spell library contained the following spells:

 Spells                   Type           Power      Damage    Failure   Level
 Sigil of Binding         Hex            6%         N/A       80%         3
 Cigotuvi's Dreadful Rot  Necr/Pois/Air  2%         N/A       86%         2
 Inner Flame              Hex/Fire       4%         N/A       86%         3
 Ignite Poison            Fire/Tmut/Pois 2%         N/A       96%         3
 Cause Fear               Hex            3%         N/A       99%         4
 Dimensional Bullseye     Hex/Tloc       1%         N/A       100%        4
 Dispel Undead            Necr           1%         3d6       100%        4
 Freezing Cloud           Conj/Ice/Air   0%         6-21      100%        5
 Death Channel            Necr           0%         N/A       100%        6
 Simulacrum               Ice/Necr       0%         N/A       100%        6
 Ozocubu's Refrigeration  Ice            0%         4d7       100%        7
 Polar Vortex             Ice            0%         N/A       100%        9


Dungeon Overview and Level Annotations

Branches:
Dungeon (6/15)
 Temple: D:4-7

Altars:
Cheibriados
Uskayaw

Shops:
D:4 (   D:6 *

Annotations:
D:6 Maggie


Innate Abilities, Weirdness & Mutations

You have a beak for a mouth.
You have claws for feet.
You can magically evade attacks while moving or waiting.


Message History

You feel a little less mighty now. The bullfrog closely misses you.
Maggie hits you but does no damage.
It was a potion of heal wounds.
You feel much better. The bullfrog closely misses you.
Maggie hits you with a +1 long sword of flaming!
Maggie burns you. The bullfrog barely misses you.
You shoot a sling bullet. The sling bullet hits Maggie.
Flame seeps out of Maggie.
Maggie is lightly wounded.
The bullfrog hits you but does no damage.
Maggie is engulfed in blazing flames.
Flame seeps out of Maggie.
Maggie mumbles some strange words.
Maggie attempts to bespell you! You resist.
The bullfrog hits you but does no damage.
Okay, then.
Maggie is engulfed in blazing flames.
Flame seeps out of Maggie.
The bullfrog attacks as it pursues you! The bullfrog completely misses you.
The bullfrog closely misses you. The bullfrog attacks as it pursues you!
The bullfrog completely misses you.
Maggie gestures wildly while chanting.
Maggie attempts to bespell you!
You are mesmerised by Maggie!
The bullfrog hits you but does no damage.
You cannot move away from Maggie!
The air fills with toxic fumes!
As you read the scroll of poison, it crumbles to dust.
The bullfrog hits you but does no damage.
You shoot a sling bullet. The sling bullet hits the bullfrog.
Flame seeps out of the bullfrog.
The bullfrog is lightly wounded.
The bullfrog is engulfed in blazing flames.
Flame seeps out of the bullfrog.
The bullfrog barely misses you.
The bullfrog is engulfed in blazing flames.
Flame seeps out of the bullfrog.
The bullfrog hits you.
The bullfrog is engulfed in blazing flames.
The bullfrog explodes!
The fiery explosion engulfs the phantom!!
The fiery explosion engulfs you!!
Ouch! That really hurt!
You die...

#..## .#...... #.§§.
§§§§§§§§§§ ##§§§
#§§§§§§§§§
..#.§§§###§§§§§§§§#..
.....§§§..§§§§§§§§#.#
..#####§@##§§§§§§§§.##
##§§§§§§§§§§§..#
#§§§○§§§§§§§§.#
#..#§§@§§§§§§§.#5
.....###§§§§§§§§...
....#. #§§§§§§§##..
...?## #§§§§§§§§...
... #§#§§#§§§..# ..
###§§# §§### #
#§§#..§##
.###.#####§§#....#
.......#......#.##


You could see Maggie (mesmerising, inner flame).

Vanquished Creatures
  A centaur (D:5)
  A phantom (D:6)
  A bullfrog (D:6)
  2 scorpions
  A jelly (D:5)
  A hound (D:4)
  A sleepcap (D:6)
  A mummy (D:3)
  A gnoll (D:4)
  3 adders
  2 worms (D:2)
  4 dart slugs
  4 orcs
  11 ball pythons
  4 endoplasms
  2 giant cockroaches
  6 goblins
  6 hobgoblins
  4 jackals (D:1)
  4 quokkas
  5 bats
  A frilled lizard (D:1)
  10 kobolds
  5 rats
81 creatures vanquished.

Notes
Turn   | Place    | Note
-------+----------+-------------------------------------------
     0 | D:1      | Shayle the Tengu Hexslinger began the quest for the Orb.
     0 | D:1      | Reached XP level 1. HP: 12/12 MP: 3/3
   197 | D:1      | Reached XP level 2. HP: 16/16 MP: 4/4
   219 | D:1      | Reached skill level 1 in Stealth
   641 | D:1      | Reached XP level 3. HP: 21/21 MP: 5/5
  1130 | D:2      | Reached skill level 3 in Dodging
  1224 | D:2      | Reached XP level 4. HP: 26/26 MP: 6/6
  1994 | D:3      | Learned a level 2 spell: Jinxbite
  2003 | D:3      | Found a hide-covered altar of Uskayaw.
  2046 | D:3      | Became a worshipper of Uskayaw the Reveller
  2065 | D:3      | Reached * piety under Uskayaw
  2077 | D:3      | Reached ** piety under Uskayaw
  2166 | D:3      | Found a snail-covered altar of Cheibriados.
  2174 | D:3      | Reached XP level 5. HP: 31/31 MP: 7/7
  2385 | D:4      | Found Maeqeh's Antique Weapon Shoppe.
  2437 | D:4      | Reached *** piety under Uskayaw
  3204 | D:5      | Entered Level 5 of the Dungeon
  3266 | D:5      | Noticed an ogre
  3399 | D:4      | Reached skill level 4 in Dodging
  3399 | D:4      | Reached XP level 6. HP: 29/37 MP: 9/9
  3566 | D:5      | Noticed a two-headed ogre
  3813 | D:6      | Found Jifeidi's General Store.
  3869 | D:6      | Bought a potion of invisibility for 88 gold pieces
  3869 | D:6      | Bought a scroll of revelation for 82 gold pieces
  3897 | D:6      | Noticed Maggie
  3915 | D:6      | Killed by an exploding bullfrog... ignited by their inner
                  | flame

Illustrated notes

Levels and vault maps discovered:
D:1:      psy_arrival_terrarium, layout_loops_ring, minmay_shallow_snake_nest
D:2:      minmay_recursive_quarters, layout_basic, minmay_misc_feat_nine_boxes,
          amethyst_killhole
D:3:      layout_basic, lemuel_crystal_altar, slow_altar_1
D:4:      layout_cave_pods, serial_shops, nicolae_shop_tiny_statue_garden,
          supply_closet_lemuel
D:5:      layout_basic, minmay_temple_entry_crystal_x, ebering_ghost_sewer_d,
          uniq_eustachio
D:6:      layout_cave_pools, serial_shops, shop, uniq_maggie

Skill      XL: |  1  2  3  4  5  6 |
---------------+-------------------+-----
Stealth        | 1 2 3 |  3.7
Fighting       | 2 3 |  3.7
Dodging        | 3 4 |  4.5
Spellcasting   | 2 |  2.5
Ranged Weapons | |  2.1
Hexes          | |  2.1
Fire Magic     | |  1.1

Action                     |  1- 3 |  4- 6 || total
---------------------------+-------+-------++-------
  Melee: Sling             |       |     1 ||     1
         Kick              |       |     1 ||     1
   Fire: Sling             |   113 |   176 ||   289
  Evoke: Wand              |       |     3 ||     3
    Use: Scroll            |     3 |     8 ||    11
         Potion            |     1 |     6 ||     7
 Armour: Robe              |    31 |       ||    31
         Skin              |    23 |       ||    23
         Ring mail         |    14 |   118 ||   132
  Dodge: Dodged            |    70 |   126 ||   196

Table legend: (Time is in decaauts)
 A = Elapsed time spent in this place.
 B = Non-inter-level travel time spent in this place.
 C = Inter-level travel time spent in this place.
 D = Time resting spent in this place.
 E = Time spent auto-exploring this place.
 F = Levels seen in this place.
 G = Mean time per level.
                   A        B        C        D        E       F      G
               +--------+--------+--------+--------+--------+-----+--------+
         Total |   4034 |   3844 |    190 |    270 |   2504 |   6 |  672.3 |
       Dungeon |   4034 |   3844 |    190 |    270 |   2504 |   6 |  672.3 |
               +--------+--------+--------+--------+--------+-----+--------+

Top non-repeatable levels by time:
     D:4: 1249 daAuts
     D:2: 1166 daAuts
     D:1: 761 daAuts
     D:3: 510 daAuts
     D:5: 233 daAuts
     D:6: 113 daAuts
